 Dungeon Crawl Stone Soup version 0.16-a0-3909-g31f9ca0 (console) character file.

6465 Monkaria the Severer (level 11, -7/83 (84) HPs)
             Began as a Hill Orc Fighter on Feb 3, 2015.
             Was a Priest of Makhleb.
             Mangled by a very large slime creature (53 damage)
             ... on level 10 of the Dungeon.
             The game lasted 00:31:49 (9390 turns).

Monkaria the Severer (Hill Orc Fighter)             Turns: 9390, Time: 00:31:49

HP:   -7/83 (84)    AC: 15    Str: 23    XL:     11   Next: 0%
MP:   3/11          EV:  7    Int:  7    God:    Makhleb [***...]
Gold: 255           SH:  9    Dex: 11    Spells: 0 memorised, 10 levels left

rFire  . . .     SeeInvis .     J - +5 war axe
rCold  + . .     Clarity  .     a - +1 scale mail {rC+}
rNeg   . . .     SustAb   .     c - +0 shield
rPois  .         Gourm    +     (no helmet)
rElec  .         Spirit   .     (no cloak)
rCorr  .         Warding  .     w - +0 pair of gloves
rMut   .         Rnd*Tele +     (no boots)
MR     .....                    Q - amulet of the gourmand
Stlth  ..........               h - ring of teleportation (curse)
                                r - +4 ring of slaying

@: not resistant to hostile enchantments, extremely unstealthy
A: icy blue scales 1, yellow scales 2, spit poison 1, teleportitis 1
a: Spit Poison, Minor Destruction, Lesser Servant of Makhleb, Renounce Religion,
Evoke Teleportation


You were on level 10 of the Dungeon.
You worshipped Makhleb.
Makhleb was most pleased with you.
You were not hungry.

You visited 2 branches of the dungeon, and saw 11 of its levels.
You also visited: Sewer and Ossuary.

You collected 564 gold pieces.

Inventory:

Hand weapons
 G - a +0 blowgun
 J - a +5 war axe (weapon)
 K - the +1 flail "Monkaria's Bane" {flame, Int+4}
   (You found it on level 6 of the Dungeon)

   It has been specially enchanted to burn those struck by it, causing extra
   injury to most foes and up to half again as much damage against particularly
   susceptible opponents.
   It affects your intelligence (+4).
 W - the +8 whip "Okihet" {drain, Str+5 Int-3}
   (You found it on level 10 of the Dungeon)

   A truly terrible weapon, it drains the life of those it strikes.
   It affects your strength (+5).
   It affects your intelligence (-3).
Missiles
 f - 46 poisoned needles
Armour
 a - a +1 scale mail of cold resistance (worn)
 c - a +0 shield (worn)
 w - a +0 pair of gloves (worn)
Magical staves
 R - an uncursed staff of power {unknown}
Jewellery
 h - a cursed ring of teleportation (right hand)
 i - a cursed amulet of regeneration
 m - an uncursed ring of magical power
 r - a +4 ring of slaying (left hand)
 v - an uncursed ring of fire
 C - an uncursed ring of protection from fire
 Q - an amulet of the gourmand (around neck)
Magical devices
 F - a wand of magic darts (43)
 S - a wand of disintegration (11)
 T - a wand of magic darts (21)
Scrolls
 q - 2 scrolls of blinking
 s - 3 scrolls of teleportation
 x - 2 scrolls of amnesia
 y - a scroll of enchant armour
 B - 2 scrolls of magic mapping
 I - 5 scrolls of remove curse
Potions
 e - a potion of might
 g - 7 potions of heal wounds
 k - a potion of resistance
 l - a potion of cure mutation
 o - 2 potions of curing
 p - a potion of magic
 z - a potion of restore abilities
 E - a potion of cancellation
 H - 2 potions of haste
 N - a potion of ambrosia
 P - a potion of flight {unknown}
 U - a potion of invisibility {unknown}
 V - a potion of mutation {unknown}
Books
 b - a book of Party Tricks

   Spells                             Type                      Level
   a - Summon Butterflies             Summoning                    1
   b - Apportation                    Translocation                1
   c - Tukima's Dance                 Hexes                        3
   d - Alistair's Intoxication        Transmutation/Poison         4
   e - Invisibility                   Hexes                        6
 n - a book of Beasts

   Spells                             Type                      Level
   a - Summon Butterflies             Summoning                    1
   b - Call Canine Familiar           Summoning                    3
   c - Summon Ice Beast               Ice/Summoning                4
   d - Summon Mana Viper              Hexes/Summoning              5
   e - Monstrous Menagerie            Summoning                    6
   f - Summon Hydra                   Summoning                    7
 A - a book of Minor Magic

   Spells                             Type                      Level
   a - Magic Dart                     Conjuration                  1
   b - Blink                          Translocation                2
   c - Call Imp                       Summoning                    2
   d - Repel Missiles                 Charms/Air                   2
   e - Slow                           Hexes                        2
   f - Conjure Flame                  Conjuration/Fire             3
   g - Mephitic Cloud                 Conjuration/Poison/Air       3
 L - a book of Clouds

   Spells                             Type                      Level
   a - Mephitic Cloud                 Conjuration/Poison/Air       3
   b - Conjure Flame                  Conjuration/Fire             3
   c - Poisonous Cloud                Conjuration/Poison/Air       6
   d - Freezing Cloud                 Conjuration/Ice/Air          6
   e - Ring of Flames                 Charms/Fire                  7
 O - a book of Summonings

   Spells                             Type                      Level
   a - Abjuration                     Summoning                    3
   b - Recall                         Summoning/Translocation      3
   c - Shadow Creatures               Summoning                    5
   d - Summon Demon                   Summoning                    5
   e - Summon Forest                  Summoning/Translocation      5
   f - Monstrous Menagerie            Summoning                    6
Miscellaneous
 M - a plain deck of wonders {drawn: 4}
Comestibles
 d - 5 meat rations
 j - 3 beef jerkies
 t - 3 royal jellies
 u - 11 fruits
 D - 8 bread rations


   Skills:
 - Level 4.0 Fighting
 - Level 16.0 Axes
 - Level 11.0 Armour
 - Level 3.2 Shields
 + Level 0.0 Invocations


You had 10 spell levels left.
You didn't know any spells.

Dungeon Overview and Level Annotations

Branches:
Dungeon (10/15)            Temple (1/1) D:6            Lair (0/8) D:8
    Orc (0/4) D:9

Altars:
Ashenzari
Cheibriados
Dithmenos
Elyvilon
Fedhas
Gozag
Kikubaaqudgha
Makhleb
Nemelex Xobeh
Okawaru
Qazlal
Ru
Sif Muna
Trog
Vehumet
Xom
Yredelemnul
Zin
The Shining One

Shops:
D:6 %


Innate Abilities, Weirdness & Mutations

You are partially covered in icy blue scales (AC +1).
You are mostly covered in yellow scales (AC +3).
You can spit poison.
Space occasionally distorts in your vicinity.


Message History

You block the slime creature's attack.
Two slime creatures merge to form a very large slime creature.
Evoke which item? (* to show all) (? for menu, Esc to quit)
You draw a card...
It is Placid Magic.
You feel magic draining away.
Evoke which item? (* to show all) (? for menu, Esc to quit)
You draw a card...
It is the Mercenary.
This is a plain deck of wonders {drawn: 2}.
Pay Igeack's fee of 309 gold?
Igeack joins your ranks!
Igeack hits the very large slime creature from afar with a trident of venom!!
You swap places.
The very large slime creature hits Igeack!!!
Igeack dies!
Evoke which item? (* to show all) (? for menu, Esc to quit)
You draw a card...
It is Focus.
Evoke which item? (* to show all) (? for menu, Esc to quit)
You draw a card...
It is Dowsing.
You feel telepathic!
The very large slime creature hits you!!!
Ouch! That really hurt!
You die...

.................................
###...########..####.####.......#
# #....# ##.# #.##.........#
#....# #.# #.##..........
###.(..## #.####.##..........
..).#...# #......##..........
#####...# ##.....##.......... .#
#...# #.J...##..........
.####...# #@.##.##..........
).......# #.....##..........
#####...# ####.....##........)^
#...# #....#...##.#........
#.#.#####.###....##.#.#.....#
#.#.......###.#..##.#.##..#.#
#####.########....#.......##..#.#
.##...# #.####.....#####.###
.#...#########.#####.####.......#


You could see a very large slime creature.

Vanquished Creatures
  A manticore (D:8)
  A slime creature (D:10)
  A centaur skeleton (D:10)
  A troll (D:10)
  A merfolk (D:9)
  A wyvern (D:8)
  Eustachio (D:5)
  A wandering mushroom (D:8)
  2 wargs (D:9)
  An ice beast (D:9)
  4 sky beasts
  3 black bears
  A necrophage (D:7)
  3 centaurs
  3 ogres
  2 phantoms
  A big kobold (D:10)
  Duvessa (D:4)
  A crocodile (D:8)
  An elf zombie (Ossuary)
  4 scorpions
  4 giant frogs
  5 killer bees (D:10)
  5 wights
  4 centaur zombies
  3 crimson imps
  2 goliath beetles (D:7)
  5 hounds
  Dowan (D:4)
  A giant frog skeleton (D:8)
  A human zombie (Ossuary)
  2 jellies
  2 orc priests
  8 worker ants
  An iron imp (D:3)
  4 orc wizards
  Natasha (thrice) (D:3)
  4 iguanas
  2 big kobold zombies (Ossuary)
  A hound zombie (Ossuary)
  3 mummies (Ossuary)
  11 adders
  12 gnolls
  A river rat (D:5)
  12 giant mites
  A white imp (D:3)
  3 shadow imps
  2 worms
  5 adder zombies
  12 giant geckos
  8 oozes
  25 orcs
  5 ball pythons
  16 giant cockroaches
  8 goblins
  17 hobgoblins
  7 jackals
  6 quokkas
  A ball python zombie (D:5)
  22 bats
  A giant gecko skeleton (D:7)
  12 giant newts
  A giant spore (D:7)
  A gnoll zombie (Ossuary)
  5 goblin zombies
  2 hobgoblin zombies (Ossuary)
  A jackal skeleton (D:5)
  A jackal zombie (Ossuary)
  22 kobolds
  8 kobold zombies (Ossuary)
  A quokka skeleton (D:5)
  3 quokka zombies
  14 rats
  5 rat zombies (Ossuary)
  4 ballistomycetes (D:7)
  10 fungi (D:8)
361 creatures vanquished.

Vanquished Creatures (others)
  A merfolk (D:10)
  An orc (D:7)
2 creatures vanquished.

Grand Total: 363 creatures vanquished

Notes
Turn   | Place    | Note
--------------------------------------------------------------
     0 | D:1      | Monkaria, the Hill Orc Fighter, began the quest for the Orb.
     0 | D:1      | Reached XP level 1. HP: 19/19 MP: 1/1
   109 | D:1      | Reached XP level 2. HP: 27/27 MP: 2/2
  1000 | D:2      | Reached skill level 4 in Fighting
  1117 | D:2      | Reached XP level 3. HP: 33/33 MP: 3/3
  1530 | D:2      | Reached skill level 5 in Axes
  1629 | D:3      | Reached XP level 4. HP: 29/40 MP: 4/4
  1770 | D:3      | Found a stormy altar of Qazlal.
  1771 | D:3      | Found an opulent altar of Gozag.
  1922 | D:3      | Noticed Natasha
  1931 | D:3      | Killed Natasha
  1931 | D:3      | Reached skill level 6 in Axes
  2076 | D:3      | Noticed Natasha
  2080 | D:3      | Killed Natasha
  2080 | D:3      | Reached XP level 5. HP: 40/46 MP: 5/5
  2121 | D:3      | Noticed Natasha
  2129 | D:3      | Killed Natasha
  2210 | D:4      | Reached skill level 7 in Axes
  2219 | D:4      | Found a glowing drain.
  2238 | Sewer    | Entered a sewer
  2346 | Sewer    | Reached XP level 6. HP: 40/52 MP: 6/6
  2410 | Sewer    | Reached skill level 8 in Axes
  2605 | D:4      | Reached skill level 9 in Axes
  2629 | D:4      | Found a sand-covered staircase.
  2636 | Ossuary  | Entered an ossuary
  2670 | Ossuary  | Reached XP level 7. HP: 47/59 MP: 7/7
  2837 | Ossuary  | Reached skill level 10 in Axes
  3168 | D:4      | Noticed an ogre
  3174 | D:4      | Killed an ogre
  3174 | D:4      | Reached skill level 11 in Axes
  3262 | D:4      | Noticed Dowan
  3269 | D:4      | Killed Dowan
  3269 | D:4      | Reached XP level 8. HP: 58/66 MP: 8/8
  3303 | D:4      | Noticed Duvessa
  3317 | D:4      | Killed Duvessa
  3500 | D:4      | Found a deep blue altar of Sif Muna.
  3503 | D:4      | Found an ancient bone altar of Kikubaaqudgha.
  3566 | D:5      | Entered Level 5 of the Dungeon
  3566 | D:5      | Noticed Eustachio
  3605 | D:5      | Killed Eustachio
  3605 | D:5      | Reached skill level 12 in Axes
  4107 | D:5      | Found a stormy altar of Qazlal.
  4372 | D:5      | Reached skill level 13 in Axes
  4776 | D:6      | Got an iridescent flail
  4779 | D:6      | Identified the cursed +1 flail "Monkaria's Bane" {flame, Int+4} (You found it on level 6 of the Dungeon)
  4802 | D:6      | Gained mutation: Space occasionally distorts in your vicinity. [mutagenic meat]
  4803 | D:6      | Gained mutation: You are partially covered in icy blue scales (AC +1). [mutagenic meat]
  4804 | D:6      | Gained mutation: You are partially covered in yellow scales (AC +2). [mutagenic meat]
  4840 | D:6      | Reached skill level 5 in Armour
  4973 | D:6      | Reached XP level 9. HP: 71/71 MP: 9/9
  5057 | D:6      | Found a staircase to the Ecumenical Temple.
  5063 | Temple   | Entered the Ecumenical Temple
  5127 | Temple   | Became a worshipper of Makhleb the Destroyer
  5162 | D:6      | Found Zome Wal's Food Boutique.
  5262 | D:7      | Found a bloodstained altar of Trog.
  5294 | D:7      | Found a snail-covered altar of Cheibriados.
  5310 | D:7      | Found a sacrificial altar of Ru.
  5385 | D:7      | Found a shattered altar of Ashenzari.
  5853 | D:7      | Acquired Makhleb's first power
  6567 | D:8      | Found a staircase to the Lair.
  7196 | D:8      | Acquired Makhleb's second power
  7530 | D:8      | Noticed a manticore
  7537 | D:8      | Killed a manticore
  7537 | D:8      | Reached skill level 10 in Armour
  7537 | D:8      | Reached XP level 10. HP: 46/77 MP: 10/10
  7720 | D:8      | Noticed a wandering mushroom
  7731 | D:8      | Killed a wandering mushroom
  8002 | D:9      | Found a staircase to the Orcish Mines.
  8424 | D:9      | Reached skill level 14 in Axes
  8602 | D:10     | Entered Level 10 of the Dungeon
  8675 | D:10     | Got a blackened whip
  8679 | D:10     | Identified the +8 whip "Okihet" {drain, Str+5 Int-3} (You found it on level 10 of the Dungeon)
  8749 | D:10     | Acquired Makhleb's third power
  8778 | D:10     | Gained mutation: You can spit poison. [mutagenic meat]
  8779 | D:10     | Gained mutation: You are mostly covered in yellow scales (AC +3). [mutagenic meat]
  8822 | D:10     | Reached skill level 15 in Axes
  9234 | D:10     | Reached skill level 16 in Axes
  9234 | D:10     | Reached XP level 11. HP: 50/83 MP: 11/11
  9383 | D:10     | Hired Igeack the merfolk for 309 gold.
  9385 | D:10     | Your ally Igeack died
  9387 | D:10     | Drew Focus: Str increased to 23, Int decreased to 7
  9390 | D:10     | Mangled by a very large slime creature

Action                   |  1- 3 |  4- 6 |  7- 9 | 10-12 || total
-------------------------+-------+-------+-------+-------++-------
Melee: War axe           |   101 |   221 |   420 |   169 ||   911
       Flail             |       |       |    60 |       ||    60
Evoke: Wand              |       |       |     1 |       ||     1
       Deck              |       |       |       |     4 ||     4
  Use: Scroll            |       |     3 |    17 |     2 ||    22
       Potion            |       |       |     1 |       ||     1
  Eat: Chunk             |     2 |     4 |    17 |     9 ||    32
       Royal jelly       |       |       |     1 |       ||     1
